 Dungeon Crawl Stone Soup version 0.31-a0-640-g39d97e502b (webtiles) character file.

Game seed: 11005300526945709781

193 GordonOverkill the Sneak (level 5, -1/28 HPs)
             Began as a Vine Stalker Delver on Aug 28, 2023.
             Was an Initiate of Makhleb.
             Slain by a gnoll sergeant
             ... wielding a +1 spear of freezing
              (2 damage)
             ... on level 5 of the Dungeon.
             The game lasted 00:03:27 (837 turns).

GordonOverkill the Sneak (Vine Stalker Delver)       Turns: 837, Time: 00:03:27

Health: -1/28      AC:  6    Str: 16    XL:     5   Next: 72%
Magic:  0/7        EV:  9    Int: 10    God:    Makhleb [......]
Gold:   57         SH:  0    Dex: 16    Spells: 4/4 levels left

rFire   . . .        k - +2 war axe (elec)
rCold   . . .        (no shield)
rNeg    . . .        m - +0 scale mail
rPois   .            (no helmet)
rElec   .            (no cloak)
rCorr   .            (no gloves)
SInv    .            (no boots)
Will    .....        (no amulet)
Stlth   ++           (no ring)
HPRegen 1.04/turn    (no ring)
MPRegen 0.10/turn

%: guardian spirit
@: hasted, very quick
A: fangs 2, regeneration 1, magic shield, antimagic bite, no potion heal 2
a: Renounce Religion


You were on level 5 of the Dungeon.
You worshipped Makhleb.
Makhleb was noncommittal.
You visited 2 branches of the dungeon, and saw 4 of its levels.

You collected 57 gold pieces.

Inventory:

Hand Weapons
 k - a +2 war axe of electrocution (weapon)
Armour
 a - a +0 leather armour
 m - a +0 scale mail (worn)
Wands
 f - a wand of digging (3)
Scrolls
 b - a scroll of fog
 c - a scroll of revelation
 g - a scroll of teleportation {unknown}
 h - 2 scrolls of butterflies {unknown}
 i - 2 scrolls of blinking {unknown}
Potions
 j - 2 potions of cancellation {unknown}
 l - a potion of might {unknown}


   Skills:
 - Level 2.9 Fighting
 + Level 2.7 Axes
 - Level 0.6 Armour
 - Level 1.5 Dodging
 - Level 6.0 Stealth
 - Level 2.2 Unarmed Combat
 + Level 2.5 Invocations
 - Level 2.0 Evocations


You had 4 spell levels left.
You didn't know any spells.
Your spell library was empty.

Dungeon Overview and Level Annotations

Branches:
Dungeon (7/15)             Temple (1/1) D:6

Altars:
Ashenzari
Cheibriados
Elyvilon
Gozag
Hepliaklqana
Makhleb
Okawaru
Qazlal
Ru
Vehumet


Innate Abilities, Weirdness & Mutations

You have extremely sharp teeth.
Your natural rate of healing is unusually fast.
When hurt, damage is shared between your health and your magic reserves.
Your bite disrupts and absorbs the magic of your enemies.
Potions cannot restore your health.


Message History

The gnoll barely misses you. The hound barely misses you.
The hound attacks as it pursues you! The hound bites you but does no damage.
The hound misses you.
You hit the gnoll.
The gnoll is moderately wounded.
The gnoll hits you with a +0 flail.
* * * LOW HITPOINT WARNING * * *
The gnoll completely misses you.
You hit the gnoll.
The gnoll is heavily wounded.
The gnoll hits you but does no damage.
You hit the gnoll. Your bite misses the gnoll.
The gnoll is almost dead.
The gnoll hits you with a +0 flail!
* * * LOW HITPOINT WARNING * * *
You hit the gnoll but do no damage. You bite the gnoll, but do no damage.
The gnoll is severely wounded.
The gnoll hits you with a +0 flail.
* * * LOW HITPOINT WARNING * * *
The gnoll barely misses you.
You slash the gnoll!
You kill the gnoll!
Makhleb accepts your kill. The hound completely misses you.
You feel yourself speed up. The hound bites you but does no damage.
The hound misses you.
You hit the hound. Your bite misses the hound.
The hound is moderately wounded.
The gnoll sergeant hits you from afar with a +1 spear of freezing.
* * * LOW HITPOINT WARNING * * *
The gnoll sergeant freezes you.
* * * LOW HITPOINT WARNING * * *
The hound closely misses you.
You barely miss the hound.
The hound is moderately wounded.
The hound barely misses you.
The gnoll sergeant hits you from afar with a +1 spear of freezing.
* * * LOW HITPOINT WARNING * * *
The gnoll sergeant freezes you.
You die...

............#
.....?g.#
#...g# #....#
..##>...#
........#.###
###.#.#...gl#
...#..##h#
#.. #..##@#
###....####
.o##.# ##.
#.# # #.


You could see a gnoll sergeant, an iguana and a hound.

Vanquished Creatures
  A centaur (D:6)
  A gnoll sergeant (D:6)
  An adder (D:5)
  4 gnolls
  An ufetubus (D:6)
8 creatures vanquished.

Notes
Turn   | Place    | Note
-------+----------+-------------------------------------------
     0 | D:5      | GordonOverkill the Vine Stalker Delver began the quest for
                  | the Orb.
     0 | D:5      | Reached XP level 1. HP: 11/11 MP: 2/2
    22 | D:5      | Reached XP level 2. HP: 5/16 MP: 0/3
   194 | D:6      | Found a hazy altar of Hepliaklqana.
   251 | D:6      | Noticed a centaur
   433 | D:6      | Found a staircase to the Ecumenical Temple.
   439 | Temple   | Entered the Ecumenical Temple
   463 | Temple   | Became a worshipper of Makhleb the Destroyer
   550 | D:6      | Noticed an ice beast
   562 | D:5      | Noticed a gnoll sergeant
   568 | D:6      | Reached skill level 1 in Axes
   568 | D:6      | Reached XP level 3. HP: 19/19 MP: 4/4
   668 | D:6      | Noticed a gnoll sergeant
   710 | D:6      | Reached skill level 1 in Invocations
   788 | D:6      | Killed a gnoll sergeant
   789 | D:6      | Reached skill level 1 in Evocations
   789 | D:6      | Gained mutation: Your natural rate of healing is unusually
                  | fast. [Vine Stalker growth]
   789 | D:6      | Reached XP level 4. HP: 17/23 MP: 2/6
   801 | D:6      | Noticed a centaur
   808 | D:6      | Killed a centaur
   809 | D:6      | Reached XP level 5. HP: 16/28 MP: 3/7
   837 | D:5      | HP: 1/28 [gnoll sergeant/+1 spear of freezing (4)]
   837 | D:5      | Slain by a gnoll sergeant

Illustrated notes

Levels and vault maps discovered:
D:5:      layout_rooms, uniq_edmund
D:6:      layout_basic, mainiacjoe_overflow_alcove_2, minmay_temple_entry_fiery
D:7:      layout_gridville, mainiacjoe_overflow_concentric_impassable,
          grunt_ministairs_2
Temple:   hellmonk_temple_beads

Skill      XL: |  1  2  3  4 |
---------------+-------------+-----
Axes           | 1 2 |  2.7
Invocations    | 1 2 |  2.5
Evocations     | 1 2 |  2.0
Fighting       | |  2.9
Armour         | |  0.6
Dodging        | |  1.5
Stealth        | |  6.0
Unarmed Combat | |  2.2

Action                     |  1- 3 |  4- 6 || total
---------------------------+-------+-------++-------
  Melee: Unarmed           |    10 |       ||    10
         Bite              |     2 |     2 ||     4
         War axe           |     8 |    14 ||    22
    Use: Scroll            |       |     1 ||     1
         Potion            |       |     1 ||     1
   Stab: Distracted        |       |     1 ||     1
 Armour: Leather armour    |     3 |       ||     3
         Scale mail        |       |    17 ||    17
  Dodge: Dodged            |     7 |    22 ||    29

Table legend: (Time is in decaauts)
 A = Elapsed time spent in this place.
 B = Non-inter-level travel time spent in this place.
 C = Inter-level travel time spent in this place.
 D = Time resting spent in this place.
 E = Time spent auto-exploring this place.
 F = Levels seen in this place.
 G = Mean time per level.
                   A        B        C        D        E       F      G
               +--------+--------+--------+--------+--------+-----+--------+
         Total |    844 |    798 |     46 |    114 |     42 |   4 |  211.0 |
       Dungeon |    795 |    795 |      0 |    114 |     42 |   3 |  265.0 |
        Temple |     48 |      2 |     46 |      0 |      0 |   1 |   48.0 |
               +--------+--------+--------+--------+--------+-----+--------+

Top non-repeatable levels by time:
     D:6: 636 daAuts
     D:5: 106 daAuts
     D:7: 52 daAuts
  Temple: 48 daAuts
